Penguins vs Wolves

Created - March 29, 2023 at 19:36

Goals
1 2 3 T
Penguins 2 3 1 6
Wolves 1 1 0 2
Shots
1 2 3 T
Penguins 10 16 12 38
Wolves 18 11 8 37

1st period

1. Penguins , Victor Olofsson 17 (Sam Kurker 9, Jeff Malott 6) at 6:07
2. Penguins , Matthew Tkachuk 39 (Gavin Bayreuther 40, Evan Rodrigues 49) at 10:23
3. Wolves , Thomas Spelling 23 (Frederick Gaudreau 30, Jakub Zboril 23) at 15:06

Penalties :
Anton Lindholm (Chi) for Holding (Minor) at 0:34

2nd period

4. Penguins , Jeff Malott 8 (Denis Malgin 1, Brett Kulak 8) at 7:36
5. Penguins , Sam Kurker 12 (Matthew Finn 7, Max Gortz 14) at 10:29
6. Wolves , Cedric Paquette 24 (Anton Lindholm 15, Hayden Hodgson 13) at 12:16
7. Penguins , Adam Brooks 9 (Iven Barbashev 26, Gavin Bayreuther 41) at 19:40

Penalties :
No Penalty

3rd period

8. Penguins , Matthew Tkachuk 40 (Gavin Bayreuther 42, Anthony Beauvillier 31) at 15:03

Penalties :
Brett Kulak (Wil) for Holding Stick (Minor) at 0:39, Antti Suomela (Chi) for Cross-checking (Minor) at 8:52, Thomas Spelling (Chi) for Fighting (Major) at 15:10, Iven Barbashev (Wil) for Fighting (Major) at 15:10

Goalie Stats

Jeremy Swayman (Wil), 35 saves from 37 shots - (0.946), W, 18-14-2, 60:00 minutes
Ebbe Siönäs (Chi), 20 saves from 22 shots - (0.909), 29:31 minutes
Ukko-Pekka Luukkonen (Chi), 12 saves from 16 shots - (0.750), L, 4-6-2, 30:29 minutes

Players Stats for Penguins

Player Name              G  A  P  +/- PIM S  H  SB GA TA FO     MP     PP MP  PK MP  
------------------------------------------------------------------------------------
Adam Brooks              1  0  1   1  0   5  2  1  0  1  9/14   17:48   1:59   0:11 
Andy Andreoff            0  0  0  -1  0   2  1  1  1  2  0/0    12:02   0:00   0:59 
Anthony Beauvillier      0  1  1   2  0   0  3  0  0  1  0/1    23:04   1:59   0:51 
Brett Kulak              0  1  1   0  2   0  2  2  0  1  0/0    25:46   2:12   0:00 
Dakota Mermis            0  0  0   0  0   1  2  0  0  1  0/0    26:45   2:12   0:58 
Danny Biega              0  0  0   4  0   2  1  0  0  0  0/0    20:50   1:46   1:26 
Denis Malgin             0  1  1   2  0   0  1  0  1  0  1/4     8:15   0:00   0:00 
Eetu Luostarinen         0  0  0  -1  0   0  1  0  0  0  0/6    11:13   0:00   0:44 
Evan Rodrigues           0  1  1   2  0   5  1  2  0  1  20/36  22:44   1:59   1:04 
Gavin Bayreuther         0  3  3   4  0   0  0  0  0  3  0/0    19:47   1:46   0:32 
Iven Barbashev           0  1  1   1  5   2  1  0  0  0  1/2    15:49   1:59   0:09 
Jeff Malott              1  1  2   2  0   3  1  0  0  0  0/0     8:15   0:00   0:00 
John Marino              0  0  0   0  0   0  0  1  0  0  0/0    14:01   0:00   1:02 
Matthew Finn             0  1  1   0  0   2  0  0  0  0  0/0    12:50   0:00   0:00 
Matthew Tkachuk          2  0  2   2  0   6  1  2  0  0  0/1    21:40   1:59   0:00 
Max Gortz                0  1  1  -1  0   1  2  0  0  1  0/0    11:18   0:00   0:00 
Sam Kurker               1  1  2   2  0   4  0  0  1  0  0/0     8:15   0:00   0:00 
Victor Olofsson          1  0  1   1  0   5  2  0  1  0  0/0    17:37   1:59   0:00 

Players Stats for Wolves

Player Name              G  A  P  +/- PIM S  H  SB GA TA FO     MP     PP MP  PK MP  
------------------------------------------------------------------------------------
Anton Lindholm           0  1  1  -2  2   3  2  1  1  0  0/0    24:03   1:14   0:48 
Antti Suomela            0  0  0  -2  2   0  1  0  0  1  4/7    11:36   0:00   0:00 
Cedric Paquette          1  0  1   0  0   3  2  2  2  0  4/20   17:42   0:53   1:23 
Corey Shueneman          0  0  0  -1  0   2  1  2  0  0  0/0    20:54   0:45   1:59 
Dylan Coghlan            0  0  0  -1  0   1  0  0  0  1  0/0    15:10   0:00   1:11 
Eric Robinson            0  0  0  -1  0   4  3  0  0  0  3/4    23:22   1:02   2:09 
Frederick Gaudreau       0  1  1  -1  0   9  1  2  0  0  16/26  23:25   1:02   2:12 
Fredrik Olofsson         0  0  0  -2  0   0  0  0  1  0  0/0    12:06   0:04   0:16 
Hayden Hodgson           0  1  1   0  0   1  2  0  0  0  1/1    17:42   0:53   1:23 
Jack Ahcan               0  0  0   0  0   0  0  0  0  0  0/0     3:55   0:00   0:00 
Jake Evans               0  0  0  -1  0   3  1  0  0  0  2/2     9:32   0:04   0:33 
Jakub Zboril             0  1  1  -2  0   1  1  0  1  0  0/0    22:47   1:14   1:59 
Jonah Gadjovich          0  0  0  -1  0   0  1  0  0  0  0/0     6:40   0:00   0:00 
Joona Koppanen           0  0  0   0  0   0  0  0  0  0  0/0     0:00   0:00   0:00 
Kyle Capobianco          0  0  0  -1  0   1  1  0  0  0  0/0    12:24   0:00   0:00 
Liam O'Brien             0  0  0   0  0   0  0  0  0  0  0/0     0:00   0:00   0:00 
Maksim Sushko            0  0  0  -2  0   1  1  3  0  0  0/0    11:41   0:04   0:00 
Parker Kelly             0  0  0   0  0   0  0  0  0  0  0/0     0:00   0:00   0:00 
Samuel Girard            0  0  0  -1  0   2  0  1  2  0  0/0    20:54   0:45   1:59 
Sasha Chmelevski         0  0  0   0  0   0  0  0  0  0  0/0     0:00   0:00   0:00 
Stelio Mattheos          0  0  0  -1  0   0  0  0  0  1  1/1     6:40   0:00   0:00 
Thomas Spelling          1  0  1  -1  5   4  2  0  3  1  2/3    18:59   1:02   0:00 
Wade Allison             0  0  0   0  0   2  2  0  1  0  0/0    16:27   0:53   0:00 

3 Stars

1 - Matthew Tkachuk (Wil)
2 - Gavin Bayreuther (Wil)
3 - Jeff Malott (Wil)

Power Play

Penguins - 0 on 2 Attempt(s) - 0.00%
Wolves - 0 on 1 Attempt(s) - 0.00%

Penalty Kill

Penguins - 1 on 1 Attempt(s) - 100.00% - Score 0 goal in Penalty Kill
Wolves - 2 on 2 Attempt(s) - 100.00% - Score 0 goal in Penalty Kill

Team Stat

Penguins - Hits : 21 - Faceoff Wins : 31 - Blocked Shots : 9 - Penalty Minutes : 7
Wolves - Hits : 21 - Faceoff Wins : 33 - Blocked Shots : 11 - Penalty Minutes : 9

Official

Referees : Dan O'Rourke and Beaudry Halkidis
Linesman : Trent Knorr and Devin Berg

Game Notes

Ebbe Siönäs enters game at 10:29 of 2nd period
Thomas Spelling and Iven Barbashev fight to a draw at 15:10 of 3rd period

Finance

Level 1 -- Attendance: 1690 (84.50%) -- Ticket Income $59,150
Level 2 -- Attendance: 850 (85.00%) -- Ticket Income $12,750
Total Attendance: 2540 (84.67%)
Total Ticket Income: $71,900
Other Income: $3,595
Total Income: $75,495

Penguins

5 vs 5 Forward 
   Center                   Left Wing                Right Wing               Time % Phy DF OF 
 1 Evan Rodrigues           Anthony Beauvillier      Matthew Tkachuk          40     1   2  2  
 2 Adam Brooks              Iven Barbashev           Victor Olofsson          30     1   2  2  
 3 Eetu Luostarinen         Andy Andreoff            Max Gortz                20     1   2  2  
 4 Denis Malgin             Jeff Malott              Sam Kurker               10     1   2  2  

5 vs 5 Defense 
   Defense                  Defense                                           Time % Phy DF OF 
 1 Brett Kulak              Dakota Mermis                                     40     1   2  2  
 2 Gavin Bayreuther         Danny Biega                                       30     1   2  2  
 3 John Marino              Matthew Finn                                      20     1   2  2  
 4 Brett Kulak              Dakota Mermis                                     10     1   2  2  

PowerPlay Forward 
   Center                   Left Wing                Right Wing               Time % Phy DF OF 
 1 Evan Rodrigues           Anthony Beauvillier      Matthew Tkachuk          60     1   2  2  
 2 Adam Brooks              Iven Barbashev           Victor Olofsson          40     1   2  2  

PowerPlay Defense
   Defense                  Defense                                           Time % Phy DF OF 
 1 Brett Kulak              Dakota Mermis                                     60     1   2  2  
 2 Gavin Bayreuther         Danny Biega                                       40     1   2  2  

Penalty Kill 4 Players Forward 
   Center                   Wing                     Time % Phy DF OF 
 1 Evan Rodrigues           Andy Andreoff            60     1   2  2  
 2 Adam Brooks              Anthony Beauvillier      40     1   2  2  

Penalty Kill 4 Players Defense
   Defense                  Defense                  Time % Phy DF OF 
 1 Brett Kulak              Dakota Mermis            60     1   2  2  
 2 Gavin Bayreuther         Danny Biega              40     1   2  2  

Penalty Kill - 3 Players Forward 
   Forward                                           Time % Phy DF OF 
 1 Evan Rodrigues                                    60     1   2  2  
 2 Adam Brooks                                       40     1   2  2  

Penalty Kill - 3 Players Defense
   Defense                  Defense                  Time % Phy DF OF 
 1 Brett Kulak              Dakota Mermis            60     1   2  2  
 2 Gavin Bayreuther         Danny Biega              40     1   2  2  

4 vs 4 Forward 
   Center                   Wing                     Time % Phy DF OF 
 1 Evan Rodrigues           Matthew Tkachuk          60     1   2  2  
 2 Adam Brooks              Iven Barbashev           40     1   2  2  

4 vs 4 Defense
   Defense                  Defense                  Time % Phy DF OF 
 1 Brett Kulak              Dakota Mermis            60     1   2  2  
 2 Gavin Bayreuther         Danny Biega              40     1   2  2  

Last Minutes Offensive
   Center                   Left Wing                Right Wing               Defense                  Defense                  
   Evan Rodrigues           Anthony Beauvillier      Matthew Tkachuk          Brett Kulak              Dakota Mermis            

Last Minutes Defensive
   Center                   Left Wing                Right Wing               Defense                  Defense                  
   Evan Rodrigues           Andy Andreoff            Matthew Tkachuk          Brett Kulak              Dakota Mermis            

Goaltenders
Starting : Jeremy Swayman           
Backup : Anthony Stolarz          

Extra Forwards
Normal : Anthony Beauvillier, Iven Barbashev, Max Gortz - PP : Anthony Beauvillier, Iven Barbashev - PK : Anthony Beauvillier
Extra Defensemen
Normal : Danny Biega, John Marino, Matthew Finn - PP : Danny Biega - PK : Danny Biega, John Marino
Penalty Shots
Andy Andreoff, Matthew Tkachuk, Victor Olofsson, Evan Rodrigues, Anthony Beauvillier

Scratches
Jesper Boqvist (Healthy), Andrew O'Brien (Severed Right Wrist Tendon Injury), Brett Pollock (Healthy), Curtis Hamilton (Healthy), Josh Ho-Sang (Healthy)
Juuso Ikonen (Healthy), Austin Strand (Healthy), Raphael Bussieres (Healthy), Steven Spinner (Healthy), German Rubtsov (Healthy)
Cal Petersen (Healthy)

Wolves

5 vs 5 Forward 
   Center                   Left Wing                Right Wing               Time % Phy DF OF 
 1 Frederick Gaudreau       Eric Robinson            Thomas Spelling          40     1   2  2  
 2 Cedric Paquette          Hayden Hodgson           Wade Allison             30     1   2  2  
 3 Antti Suomela            Fredrik Olofsson         Maksim Sushko            20     1   2  2  
 4 Jake Evans               Jonah Gadjovich          Stelio Mattheos          10     1   2  2  

5 vs 5 Defense 
   Defense                  Defense                                           Time % Phy DF OF 
 1 Anton Lindholm           Jakub Zboril                                      40     1   2  2  
 2 Corey Shueneman          Samuel Girard                                     30     1   2  2  
 3 Dylan Coghlan            Kyle Capobianco                                   20     1   2  2  
 4 Jack Ahcan               Anton Lindholm                                    10     1   2  2  

PowerPlay Forward 
   Center                   Left Wing                Right Wing               Time % Phy DF OF 
 1 Frederick Gaudreau       Eric Robinson            Thomas Spelling          60     1   2  2  
 2 Cedric Paquette          Hayden Hodgson           Wade Allison             40     1   2  2  

PowerPlay Defense
   Defense                  Defense                                           Time % Phy DF OF 
 1 Anton Lindholm           Jakub Zboril                                      60     1   2  2  
 2 Corey Shueneman          Samuel Girard                                     40     1   2  2  

Penalty Kill 4 Players Forward 
   Center                   Wing                     Time % Phy DF OF 
 1 Frederick Gaudreau       Eric Robinson            60     1   2  2  
 2 Cedric Paquette          Hayden Hodgson           40     1   2  2  

Penalty Kill 4 Players Defense
   Defense                  Defense                  Time % Phy DF OF 
 1 Anton Lindholm           Jakub Zboril             60     1   2  2  
 2 Corey Shueneman          Samuel Girard            40     1   2  2  

Penalty Kill - 3 Players Forward 
   Forward                                           Time % Phy DF OF 
 1 Frederick Gaudreau                                60     1   2  2  
 2 Cedric Paquette                                   40     1   2  2  

Penalty Kill - 3 Players Defense
   Defense                  Defense                  Time % Phy DF OF 
 1 Anton Lindholm           Jakub Zboril             60     1   2  2  
 2 Corey Shueneman          Samuel Girard            40     1   2  2  

4 vs 4 Forward 
   Center                   Wing                     Time % Phy DF OF 
 1 Frederick Gaudreau       Eric Robinson            60     1   2  2  
 2 Cedric Paquette          Hayden Hodgson           40     1   2  2  

4 vs 4 Defense
   Defense                  Defense                  Time % Phy DF OF 
 1 Anton Lindholm           Jakub Zboril             60     1   2  2  
 2 Corey Shueneman          Samuel Girard            40     1   2  2  

Last Minutes Offensive
   Center                   Left Wing                Right Wing               Defense                  Defense                  
   Frederick Gaudreau       Eric Robinson            Thomas Spelling          Anton Lindholm           Jakub Zboril             

Last Minutes Defensive
   Center                   Left Wing                Right Wing               Defense                  Defense                  
   Frederick Gaudreau       Eric Robinson            Thomas Spelling          Anton Lindholm           Jakub Zboril             

Goaltenders
Starting : Ukko-Pekka Luukkonen     
Backup : Ebbe Siönäs              

Extra Forwards
Normal : Jake Evans, Eric Robinson, Hayden Hodgson - PP : Jake Evans, Eric Robinson - PK : Jake Evans
Extra Defensemen
Normal : Dylan Coghlan, Kyle Capobianco, Jack Ahcan - PP : Dylan Coghlan - PK : Dylan Coghlan, Kyle Capobianco
Penalty Shots
Frederick Gaudreau, Cedric Paquette, Thomas Spelling, Antti Suomela, Jake Evans

Scratches
Matthew Kiersted (Strained Right Elbow Injury), Jalen Chatfield (Back Spasms Injury), Ian Scott (Healthy)

% Time on Ice - Penguins

Lines # - Real PCT - Wanted PCT - Time Play
Normal Forward
1 - 36% - 40% - 19:41
2 - 29% - 30% - 15:38
3 - 19% - 20% - 10:29
4 - 15% - 10% - 8:15
Normal Defense
1 - 37% - 40% - 20:16
2 - 32% - 30% - 17:29
3 - 24% - 20% - 12:50
4 - 6% - 10% - 3:28
PP Forward
1 - 50% - 60% - 1:59
2 - 50% - 40% - 1:59
PP Defense
1 - 55% - 60% - 2:12
2 - 45% - 40% - 1:46
PK Forward
1 - 91% - 60% - 1:48
2 - 9% - 40% - 0:11
PK Defense
1 - 73% - 60% - 1:27
2 - 27% - 40% - 0:32
PK3 Forward
1 - 0% - 60%
2 - 0% - 40%
PK3 Defense
1 - 0% - 60%
2 - 0% - 40%
44 Forward
1 - 0% - 60%
2 - 0% - 40%
44 Defense
1 - 0% - 60%
2 - 0% - 40%
Last Minute Offensive  - 0:00
Last Minute Defensive  - 0:00
Total
Forward - 60:00
Defense - 60:00

% Time on Ice - Wolves

Lines # - Real PCT - Wanted PCT - Time Play
Normal Forward
1 - 38% - 40% - 20:29
2 - 29% - 30% - 15:26
3 - 21% - 20% - 11:28
4 - 12% - 10% - 6:40
Normal Defense
1 - 36% - 40% - 19:34
2 - 34% - 30% - 18:10
3 - 23% - 20% - 12:24
4 - 7% - 10% - 3:55
PP Forward
1 - 55% - 60% - 1:06
2 - 45% - 40% - 0:53
PP Defense
1 - 62% - 60% - 1:14
2 - 38% - 40% - 0:45
PK Forward
1 - 65% - 60% - 2:35
2 - 35% - 40% - 1:23
PK Defense
1 - 50% - 60% - 1:59
2 - 50% - 40% - 1:59
PK3 Forward
1 - 0% - 60%
2 - 0% - 40%
PK3 Defense
1 - 0% - 60%
2 - 0% - 40%
44 Forward
1 - 0% - 60%
2 - 0% - 40%
44 Defense
1 - 0% - 60%
2 - 0% - 40%
Last Minute Offensive  - 0:00
Last Minute Defensive  - 0:00
Total
Forward - 60:00
Defense - 60:00

Play-by-Play

1st period


0:01 of 1st period - Frederick Gaudreau wins face-off versus Evan Rodrigues in neutral zone.
0:04 of 1st period - Dakota Mermis is hit by Eric Robinson and loses puck.
0:32 of 1st period - Snap shot by Victor Olofsson.
0:32 of 1st period - Shot Blocked by Cedric Paquette.
0:34 of 1st period - Minor Penalty to Anton Lindholm for Holding.
0:35 of 1st period - Frederick Gaudreau wins face-off versus Evan Rodrigues in Wolves zone.
1:02 of 1st period - Hayden Hodgson is hit by Adam Brooks and loses puck.
2:12 of 1st period - Icing by Gavin Bayreuther.
2:13 of 1st period - Jake Evans wins face-off versus Evan Rodrigues in Penguins zone.
2:34 of 1st period - Penalty to Anton Lindholm is over, Anton Lindholm is back on ice.
4:05 of 1st period - Cedric Paquette is hit by Eetu Luostarinen.
4:56 of 1st period - Snap shot by Frederick Gaudreau.
4:56 of 1st period - Shot Misses the Net.
4:58 of 1st period - Slapshot by Anton Lindholm.
4:58 of 1st period - Stopped by Jeremy Swayman without a rebound.
4:59 of 1st period - Iven Barbashev wins face-off versus Frederick Gaudreau in Penguins zone.
5:06 of 1st period - Frederick Gaudreau is hit by Dakota Mermis and loses puck.
5:25 of 1st period - Anton Lindholm is hit by Andy Andreoff and loses puck.
6:07 of 1st period - Wrist shot by Victor Olofsson.
6:07 of 1st period - Goal by Victor Olofsson - Penguins : 1 - Wolves : 0.
6:08 of 1st period - Eric Robinson wins face-off versus Evan Rodrigues in neutral zone.
6:35 of 1st period - Cedric Paquette is hit by Victor Olofsson and loses puck.
6:39 of 1st period - Icing by Hayden Hodgson.
6:40 of 1st period - Adam Brooks wins face-off versus Cedric Paquette in Wolves zone.
6:51 of 1st period - Snap shot by Iven Barbashev.
6:51 of 1st period - Shot Blocked by Cedric Paquette.
6:57 of 1st period - Snap shot by Wade Allison.
6:57 of 1st period - Stopped by Jeremy Swayman without a rebound.
6:58 of 1st period - Evan Rodrigues wins face-off versus Frederick Gaudreau in Penguins zone.
7:13 of 1st period - Slapshot by Eric Robinson.
7:13 of 1st period - Stopped by Jeremy Swayman without a rebound.
7:14 of 1st period - Antti Suomela wins face-off versus Adam Brooks in Penguins zone.
7:15 of 1st period - Slapshot by Anton Lindholm.
7:15 of 1st period - Stopped by Jeremy Swayman without a rebound.
7:16 of 1st period - Adam Brooks wins face-off versus Antti Suomela in Penguins zone.
7:41 of 1st period - Evan Rodrigues is hit by Thomas Spelling.
7:45 of 1st period - Snap shot by Thomas Spelling.
7:45 of 1st period - Shot Blocked by Matthew Tkachuk.
7:47 of 1st period - Slapshot by Dylan Coghlan.
7:47 of 1st period - Shot Blocked by Evan Rodrigues.
7:49 of 1st period - Slapshot by Dylan Coghlan.
7:49 of 1st period - Shot Blocked by Evan Rodrigues.
7:51 of 1st period - Wrist shot by Eric Robinson.
7:51 of 1st period - Shot Misses the Net.
7:53 of 1st period - Snap shot by Frederick Gaudreau.
7:53 of 1st period - Stopped by Jeremy Swayman with a rebound.
8:07 of 1st period - Wrist shot by Andy Andreoff.
8:07 of 1st period - Stopped by Ukko-Pekka Luukkonen with a rebound.
8:52 of 1st period - Slapshot by Victor Olofsson.
8:52 of 1st period - Stopped by Ukko-Pekka Luukkonen without a rebound.
8:53 of 1st period - Evan Rodrigues wins face-off versus Eric Robinson in Wolves zone.
8:56 of 1st period - Wrist shot by Evan Rodrigues.
8:56 of 1st period - Shot Misses the Net.
8:58 of 1st period - Slapshot by Evan Rodrigues.
8:58 of 1st period - Stopped by Ukko-Pekka Luukkonen with a rebound.
9:00 of 1st period - Slapshot by Matthew Finn.
9:00 of 1st period - Shot Blocked by Frederick Gaudreau.
9:02 of 1st period - Slapshot by John Marino.
9:02 of 1st period - Shot Blocked by Anton Lindholm.
9:04 of 1st period - Snap shot by Matthew Tkachuk.
9:04 of 1st period - Stopped by Ukko-Pekka Luukkonen without a rebound.
9:05 of 1st period - Evan Rodrigues wins face-off versus Frederick Gaudreau in Wolves zone.
10:06 of 1st period - Wrist shot by Sam Kurker.
10:06 of 1st period - Shot Misses the Net.
10:23 of 1st period - Slapshot by Matthew Tkachuk.
10:23 of 1st period - Goal by Matthew Tkachuk - Penguins : 2 - Wolves : 0.
10:24 of 1st period - Frederick Gaudreau wins face-off versus Evan Rodrigues in neutral zone.
10:31 of 1st period - Snap shot by Eric Robinson.
10:31 of 1st period - Stopped by Jeremy Swayman with a rebound.
10:40 of 1st period - Icing by Dylan Coghlan.
10:41 of 1st period - Adam Brooks wins face-off versus Frederick Gaudreau in Wolves zone.
10:42 of 1st period - Snap shot by Iven Barbashev.
10:42 of 1st period - Shot Misses the Net.
11:00 of 1st period - Snap shot by Frederick Gaudreau.
11:00 of 1st period - Stopped by Jeremy Swayman with a rebound.
11:30 of 1st period - Snap shot by Frederick Gaudreau.
11:30 of 1st period - Stopped by Jeremy Swayman with a rebound.
11:32 of 1st period - Snap shot by Frederick Gaudreau.
11:32 of 1st period - Shot Misses the Net.
11:34 of 1st period - Snap shot by Thomas Spelling.
11:34 of 1st period - Shot Misses the Net.
11:36 of 1st period - Wrist shot by Frederick Gaudreau.
11:36 of 1st period - Stopped by Jeremy Swayman without a rebound.
11:37 of 1st period - Evan Rodrigues wins face-off versus Cedric Paquette in Penguins zone.
11:48 of 1st period - Backhand shot by Evan Rodrigues.
11:48 of 1st period - Stopped by Ukko-Pekka Luukkonen without a rebound.
11:49 of 1st period - Evan Rodrigues wins face-off versus Cedric Paquette in Wolves zone.
12:37 of 1st period - Slapshot by Jake Evans.
12:37 of 1st period - Stopped by Jeremy Swayman without a rebound.
12:38 of 1st period - Frederick Gaudreau wins face-off versus Denis Malgin in Penguins zone.
12:39 of 1st period - Snap shot by Thomas Spelling.
12:39 of 1st period - Shot Misses the Net.
12:41 of 1st period - Snap shot by Frederick Gaudreau.
12:41 of 1st period - Stopped by Jeremy Swayman with a rebound.
12:43 of 1st period - Slapshot by Dylan Coghlan.
12:43 of 1st period - Stopped by Jeremy Swayman without a rebound.
12:44 of 1st period - Evan Rodrigues wins face-off versus Cedric Paquette in Penguins zone.
12:59 of 1st period - Wrist shot by Matthew Tkachuk.
12:59 of 1st period - Stopped by Ukko-Pekka Luukkonen without a rebound.
13:00 of 1st period - Frederick Gaudreau wins face-off versus Eetu Luostarinen in Wolves zone.
14:33 of 1st period - Snap shot by Andy Andreoff.
14:33 of 1st period - Deflect By Eric Robinson.
14:33 of 1st period - Shot Misses the Net.
14:33 of 1st period - Puck is out of play.
14:34 of 1st period - Evan Rodrigues wins face-off versus Cedric Paquette in Wolves zone.
15:06 of 1st period - Snap shot by Thomas Spelling.
15:06 of 1st period - Goal by Thomas Spelling - Penguins : 2 - Wolves : 1.
15:07 of 1st period - Frederick Gaudreau wins face-off versus Matthew Tkachuk in neutral zone.
15:10 of 1st period - Dakota Mermis is hit by Eric Robinson and loses puck.
15:33 of 1st period - Corey Shueneman is hit by Adam Brooks and loses puck.
16:04 of 1st period - Snap shot by Maksim Sushko.
16:04 of 1st period - Stopped by Jeremy Swayman without a rebound.
16:05 of 1st period - Frederick Gaudreau wins face-off versus Evan Rodrigues in Penguins zone.
16:27 of 1st period - Icing by Frederick Gaudreau.
16:28 of 1st period - Adam Brooks wins face-off versus Frederick Gaudreau in Wolves zone.
16:31 of 1st period - Snap shot by Victor Olofsson.
16:31 of 1st period - Stopped by Ukko-Pekka Luukkonen with a rebound.
17:13 of 1st period - Snap shot by Thomas Spelling.
17:13 of 1st period - Stopped by Jeremy Swayman with a rebound.
17:15 of 1st period - Slapshot by Anton Lindholm.
17:15 of 1st period - Shot Misses the Net.
17:17 of 1st period - Slapshot by Anton Lindholm.
17:17 of 1st period - Shot Misses the Net.
17:19 of 1st period - Slapshot by Anton Lindholm.
17:19 of 1st period - Shot Blocked by Andy Andreoff.
17:21 of 1st period - Snap shot by Anton Lindholm.
17:21 of 1st period - Shot Misses the Net.
17:23 of 1st period - Slapshot by Jakub Zboril.
17:23 of 1st period - Shot Misses the Net.
17:25 of 1st period - Snap shot by Thomas Spelling.
17:25 of 1st period - Shot Misses the Net.
17:27 of 1st period - Wrist shot by Eric Robinson.
17:27 of 1st period - Deflect By Thomas Spelling.
17:27 of 1st period - Shot Misses the Net.
17:27 of 1st period - Puck is out of play.
17:28 of 1st period - Adam Brooks wins face-off versus Cedric Paquette in Penguins zone.
17:28 of 1st period - Adam Brooks is hit by Wade Allison.
18:03 of 1st period - Snap shot by Evan Rodrigues.
18:03 of 1st period - Shot Blocked by Corey Shueneman.
18:13 of 1st period - Snap shot by Antti Suomela.
18:13 of 1st period - Shot Misses the Net.
18:15 of 1st period - Slapshot by Jake Evans.
18:15 of 1st period - Stopped by Jeremy Swayman with a rebound.
18:17 of 1st period - Snap shot by Jake Evans.
18:17 of 1st period - Stopped by Jeremy Swayman with a rebound.
18:19 of 1st period - Snap shot by Corey Shueneman.
18:19 of 1st period - Deflect By Eetu Luostarinen.
18:19 of 1st period - Stopped by Jeremy Swayman without a rebound.
18:20 of 1st period - Jake Evans wins face-off versus Iven Barbashev in Penguins zone.
18:23 of 1st period - Wrist shot by Jake Evans.
18:23 of 1st period - Shot Blocked by Brett Kulak.
18:31 of 1st period - Adam Brooks is hit by Jonah Gadjovich and loses puck.
18:46 of 1st period - Matthew Tkachuk is hit by Hayden Hodgson and loses puck.
19:41 of 1st period - Snap shot by Jeff Malott.
19:41 of 1st period - Deflect By Eric Robinson.
19:41 of 1st period - Stopped by Ukko-Pekka Luukkonen with a rebound.
19:51 of 1st period - Danny Biega is hit by Hayden Hodgson.
Goals for this period are 2 for Penguins vs 1 for Wolves.
Shots for this period are 10 for Penguins vs 18 for Wolves.

2nd period


0:01 of 2nd period - Cedric Paquette wins face-off versus Evan Rodrigues in neutral zone.
0:04 of 2nd period - Slapshot by Anton Lindholm.
0:04 of 2nd period - Deflect By Cedric Paquette.
0:04 of 2nd period - Stopped by Jeremy Swayman with a rebound.
0:06 of 2nd period - Slapshot by Cedric Paquette.
0:06 of 2nd period - Shot Misses the Net.
0:08 of 2nd period - Wrist shot by Wade Allison.
0:08 of 2nd period - Stopped by Jeremy Swayman with a rebound.
0:10 of 2nd period - Wrist shot by Cedric Paquette.
0:10 of 2nd period - Shot Misses the Net.
0:14 of 2nd period - Wrist shot by Cedric Paquette.
0:14 of 2nd period - Shot Misses the Net.
0:16 of 2nd period - Slapshot by Jakub Zboril.
0:16 of 2nd period - Shot Blocked by Matthew Tkachuk.
0:26 of 2nd period - Anthony Beauvillier is hit by Anton Lindholm and loses puck.
1:00 of 2nd period - Icing by Thomas Spelling.
1:01 of 2nd period - Eric Robinson wins face-off versus Eetu Luostarinen in Wolves zone.
2:26 of 2nd period - Wrist shot by Victor Olofsson.
2:26 of 2nd period - Deflect By Iven Barbashev.
2:26 of 2nd period - Shot Misses the Net.
2:26 of 2nd period - Puck is out of play.
2:27 of 2nd period - Adam Brooks wins face-off versus Frederick Gaudreau in Wolves zone.
2:38 of 2nd period - Snap shot by Victor Olofsson.
2:38 of 2nd period - Stopped by Ukko-Pekka Luukkonen with a rebound.
2:40 of 2nd period - Slapshot by Brett Kulak.
2:40 of 2nd period - Shot Misses the Net.
2:42 of 2nd period - Backhand shot by Adam Brooks.
2:42 of 2nd period - Stopped by Ukko-Pekka Luukkonen without a rebound.
2:43 of 2nd period - Evan Rodrigues wins face-off versus Cedric Paquette in Wolves zone.
3:18 of 2nd period - Snap shot by Jakub Zboril.
3:18 of 2nd period - Deflect By Dakota Mermis.
3:18 of 2nd period - Stopped by Jeremy Swayman with a rebound.
3:37 of 2nd period - Off-side.
3:38 of 2nd period - Frederick Gaudreau wins face-off versus Evan Rodrigues in neutral zone.
3:47 of 2nd period - Eric Robinson is hit by Anthony Beauvillier.
4:42 of 2nd period - Snap shot by Maksim Sushko.
4:42 of 2nd period - Deflect By Jake Evans.
4:42 of 2nd period - Shot Misses the Net.
4:42 of 2nd period - Puck is out of play.
4:43 of 2nd period - Stelio Mattheos wins face-off versus Denis Malgin in Penguins zone.
6:14 of 2nd period - Corey Shueneman is hit by Jeff Malott and loses puck.
6:35 of 2nd period - Wrist shot by Evan Rodrigues.
6:35 of 2nd period - Shot Blocked by Frederick Gaudreau.
6:48 of 2nd period - Off-side.
6:49 of 2nd period - Adam Brooks wins face-off versus Antti Suomela in neutral zone.
7:22 of 2nd period - Slapshot by Matthew Tkachuk.
7:22 of 2nd period - Stopped by Ukko-Pekka Luukkonen with a rebound.
7:36 of 2nd period - Slapshot by Denis Malgin.
7:36 of 2nd period - Deflect By Jeff Malott.
7:36 of 2nd period - Goal by Jeff Malott - Penguins : 3 - Wolves : 1.
7:37 of 2nd period - Evan Rodrigues wins face-off versus Cedric Paquette in neutral zone.
8:03 of 2nd period - Eric Robinson is hit by Max Gortz and loses puck.
8:12 of 2nd period - Slapshot by Kyle Capobianco.
8:12 of 2nd period - Stopped by Jeremy Swayman without a rebound.
8:13 of 2nd period - Antti Suomela wins face-off versus Evan Rodrigues in Penguins zone.
10:13 of 2nd period - Wrist shot by Thomas Spelling.
10:13 of 2nd period - Shot Misses the Net.
10:25 of 2nd period - Wrist shot by Sam Kurker.
10:25 of 2nd period - Shot Misses the Net.
10:27 of 2nd period - Slapshot by Matthew Finn.
10:27 of 2nd period - Deflect By Sam Kurker.
10:27 of 2nd period - Stopped by Ukko-Pekka Luukkonen with a rebound.
10:29 of 2nd period - Wrist shot by Sam Kurker.
10:29 of 2nd period - Goal by Sam Kurker - Penguins : 4 - Wolves : 1.
10:29 of 2nd period - Ebbe Siönäs enters game.
10:30 of 2nd period - Evan Rodrigues wins face-off versus Cedric Paquette in neutral zone.
11:05 of 2nd period - Snap shot by Victor Olofsson.
11:05 of 2nd period - Stopped by Ebbe Siönäs without a rebound.
11:06 of 2nd period - Cedric Paquette wins face-off versus Eetu Luostarinen in Wolves zone.
11:37 of 2nd period - Snap shot by Eric Robinson.
11:37 of 2nd period - Stopped by Jeremy Swayman with a rebound.
11:43 of 2nd period - Eric Robinson is hit by Anthony Beauvillier and loses puck.
12:03 of 2nd period - Off-side.
12:04 of 2nd period - Hayden Hodgson wins face-off versus Eetu Luostarinen in neutral zone.
12:07 of 2nd period - Max Gortz is hit by Cedric Paquette and loses puck.
12:12 of 2nd period - Wrist shot by Cedric Paquette.
12:12 of 2nd period - Shot Misses the Net.
12:16 of 2nd period - Snap shot by Cedric Paquette.
12:16 of 2nd period - Goal by Cedric Paquette - Penguins : 4 - Wolves : 2.
12:17 of 2nd period - Evan Rodrigues wins face-off versus Frederick Gaudreau in neutral zone.
12:26 of 2nd period - Slapshot by Dakota Mermis.
12:26 of 2nd period - Shot Misses the Net.
12:49 of 2nd period - Snap shot by Danny Biega.
12:49 of 2nd period - Stopped by Ebbe Siönäs without a rebound.
12:50 of 2nd period - Evan Rodrigues wins face-off versus Cedric Paquette in Wolves zone.
12:53 of 2nd period - Snap shot by Evan Rodrigues.
12:53 of 2nd period - Stopped by Ebbe Siönäs without a rebound.
12:54 of 2nd period - Evan Rodrigues wins face-off versus Cedric Paquette in Wolves zone.
13:01 of 2nd period - Wrist shot by Matthew Tkachuk.
13:01 of 2nd period - Stopped by Ebbe Siönäs with a rebound.
13:03 of 2nd period - Slapshot by Dakota Mermis.
13:03 of 2nd period - Shot Misses the Net.
13:05 of 2nd period - Slapshot by Dakota Mermis.
13:05 of 2nd period - Shot Blocked by Samuel Girard.
13:07 of 2nd period - Wrist shot by Anthony Beauvillier.
13:07 of 2nd period - Shot Misses the Net.
13:09 of 2nd period - Snap shot by Evan Rodrigues.
13:09 of 2nd period - Shot Misses the Net.
13:25 of 2nd period - Samuel Girard is hit by Iven Barbashev and loses puck.
13:49 of 2nd period - Off-side.
13:50 of 2nd period - Evan Rodrigues wins face-off versus Frederick Gaudreau in neutral zone.
14:26 of 2nd period - Slapshot by Matthew Tkachuk.
14:26 of 2nd period - Shot Hit the Post.
14:28 of 2nd period - Slapshot by Matthew Finn.
14:28 of 2nd period - Deflect By Fredrik Olofsson.
14:28 of 2nd period - Stopped by Ebbe Siönäs with a rebound.
14:30 of 2nd period - Slapshot by Matthew Finn.
14:30 of 2nd period - Deflect By Maksim Sushko.
14:30 of 2nd period - Stopped by Ebbe Siönäs without a rebound.
14:31 of 2nd period - Thomas Spelling wins face-off versus Adam Brooks in Wolves zone.
15:05 of 2nd period - Snap shot by Andy Andreoff.
15:05 of 2nd period - Stopped by Ebbe Siönäs with a rebound.
15:19 of 2nd period - Corey Shueneman is hit by Danny Biega and loses puck.
16:00 of 2nd period - Snap shot by Matthew Tkachuk.
16:00 of 2nd period - Shot Blocked by Corey Shueneman.
16:02 of 2nd period - Wrist shot by Iven Barbashev.
16:02 of 2nd period - Shot Misses the Net.
16:08 of 2nd period - Slapshot by Iven Barbashev.
16:08 of 2nd period - Shot Misses the Net.
16:10 of 2nd period - Slapshot by Matthew Finn.
16:10 of 2nd period - Shot Misses the Net.
16:12 of 2nd period - Slapshot by Iven Barbashev.
16:12 of 2nd period - Stopped by Ebbe Siönäs with a rebound.
16:22 of 2nd period - Dakota Mermis is hit by Cedric Paquette and loses puck.
16:54 of 2nd period - Snap shot by Fredrik Olofsson.
16:54 of 2nd period - Shot Misses the Net.
17:04 of 2nd period - Matthew Tkachuk is hit by Anton Lindholm.
17:24 of 2nd period - Snap shot by Frederick Gaudreau.
17:24 of 2nd period - Stopped by Jeremy Swayman without a rebound.
17:25 of 2nd period - Adam Brooks wins face-off versus Thomas Spelling in Penguins zone.
17:34 of 2nd period - Snap shot by Thomas Spelling.
17:34 of 2nd period - Shot Misses the Net.
17:36 of 2nd period - Snap shot by Eric Robinson.
17:36 of 2nd period - Stopped by Jeremy Swayman without a rebound.
17:37 of 2nd period - Frederick Gaudreau wins face-off versus Evan Rodrigues in Penguins zone.
18:12 of 2nd period - Slapshot by Cedric Paquette.
18:12 of 2nd period - Stopped by Jeremy Swayman without a rebound.
18:13 of 2nd period - Evan Rodrigues wins face-off versus Cedric Paquette in Penguins zone.
19:03 of 2nd period - Slapshot by Samuel Girard.
19:03 of 2nd period - Stopped by Jeremy Swayman with a rebound.
19:05 of 2nd period - Snap shot by Thomas Spelling.
19:05 of 2nd period - Stopped by Jeremy Swayman without a rebound.
19:06 of 2nd period - Evan Rodrigues wins face-off versus Cedric Paquette in Penguins zone.
19:17 of 2nd period - Cedric Paquette is hit by Evan Rodrigues and loses puck.
19:36 of 2nd period - Snap shot by Iven Barbashev.
19:36 of 2nd period - Stopped by Ebbe Siönäs with a rebound.
19:38 of 2nd period - Snap shot by Adam Brooks.
19:38 of 2nd period - Shot Misses the Net.
19:40 of 2nd period - Wrist shot by Adam Brooks.
19:40 of 2nd period - Goal by Adam Brooks - Penguins : 5 - Wolves : 2.
19:41 of 2nd period - Frederick Gaudreau wins face-off versus Evan Rodrigues in neutral zone.
19:52 of 2nd period - Slapshot by Thomas Spelling.
19:52 of 2nd period - Shot Blocked by Brett Kulak.
Goals for this period are 3 for Penguins vs 1 for Wolves.
Shots for this period are 16 for Penguins vs 11 for Wolves.

3rd period


0:01 of 3rd period - Evan Rodrigues wins face-off versus Cedric Paquette in neutral zone.
0:22 of 3rd period - Icing by Jakub Zboril.
0:23 of 3rd period - Cedric Paquette wins face-off versus Eetu Luostarinen in Wolves zone.
0:34 of 3rd period - Wrist shot by Frederick Gaudreau.
0:34 of 3rd period - Stopped by Jeremy Swayman with a rebound.
0:36 of 3rd period - Snap shot by Anton Lindholm.
0:36 of 3rd period - Deflect By Thomas Spelling.
0:36 of 3rd period - Stopped by Jeremy Swayman without a rebound.
0:37 of 3rd period - Evan Rodrigues wins face-off versus Cedric Paquette in Penguins zone.
0:39 of 3rd period - Minor Penalty to Brett Kulak for Holding Stick.
0:40 of 3rd period - Thomas Spelling wins face-off versus Evan Rodrigues in Penguins zone.
1:18 of 3rd period - Anthony Beauvillier is hit by Jakub Zboril and loses puck.
1:54 of 3rd period - Slapshot by Gavin Bayreuther.
1:54 of 3rd period - Shot Misses the Net.
2:18 of 3rd period - Anthony Beauvillier is hit by Frederick Gaudreau and loses puck.
2:39 of 3rd period - Penalty to Brett Kulak is over, Brett Kulak is back on ice.
2:45 of 3rd period - Wrist shot by Sam Kurker.
2:45 of 3rd period - Stopped by Ebbe Siönäs with a rebound.
2:47 of 3rd period - Snap shot by Jeff Malott.
2:47 of 3rd period - Stopped by Ebbe Siönäs without a rebound.
2:48 of 3rd period - Antti Suomela wins face-off versus Denis Malgin in Wolves zone.
3:21 of 3rd period - Slapshot by Anton Lindholm.
3:21 of 3rd period - Stopped by Jeremy Swayman with a rebound.
3:59 of 3rd period - Anton Lindholm is hit by Max Gortz and loses puck.
5:18 of 3rd period - Cedric Paquette is hit by Brett Kulak and loses puck.
5:41 of 3rd period - Backhand shot by Antti Suomela.
5:41 of 3rd period - Shot Blocked by Adam Brooks.
5:43 of 3rd period - Slapshot by Corey Shueneman.
5:43 of 3rd period - Stopped by Jeremy Swayman without a rebound.
5:44 of 3rd period - Antti Suomela wins face-off versus Evan Rodrigues in Penguins zone.
6:21 of 3rd period - Frederick Gaudreau is hit by Brett Kulak and loses puck.
6:38 of 3rd period - Kyle Capobianco is hit by Dakota Mermis and loses puck.
6:59 of 3rd period - Matthew Finn is hit by Kyle Capobianco and loses puck.
7:05 of 3rd period - Off-side.
7:06 of 3rd period - Frederick Gaudreau wins face-off versus Evan Rodrigues in neutral zone.
7:19 of 3rd period - Snap shot by Frederick Gaudreau.
7:19 of 3rd period - Stopped by Jeremy Swayman with a rebound.
7:21 of 3rd period - Wrist shot by Frederick Gaudreau.
7:21 of 3rd period - Shot Blocked by John Marino.
7:38 of 3rd period - Snap shot by Hayden Hodgson.
7:38 of 3rd period - Stopped by Jeremy Swayman without a rebound.
7:39 of 3rd period - Eric Robinson wins face-off versus Adam Brooks in Penguins zone.
8:28 of 3rd period - Icing by Matthew Tkachuk.
8:29 of 3rd period - Evan Rodrigues wins face-off versus Antti Suomela in Penguins zone.
8:52 of 3rd period - Minor Penalty to Antti Suomela for Cross-checking.
8:53 of 3rd period - Frederick Gaudreau wins face-off versus Evan Rodrigues in Wolves zone.
9:42 of 3rd period - Off-side.
9:43 of 3rd period - Evan Rodrigues wins face-off versus Cedric Paquette in neutral zone.
9:46 of 3rd period - Cedric Paquette is hit by Anthony Beauvillier and loses puck.
10:33 of 3rd period - Brett Kulak is hit by Corey Shueneman.
10:52 of 3rd period - Penalty to Antti Suomela is over, Antti Suomela is back on ice.
10:55 of 3rd period - Jakub Zboril is hit by Victor Olofsson and loses puck.
11:26 of 3rd period - Slapshot by Gavin Bayreuther.
11:26 of 3rd period - Shot Blocked by Maksim Sushko.
12:08 of 3rd period - Kyle Capobianco is hit by Denis Malgin and loses puck.
12:40 of 3rd period - John Marino is hit by Antti Suomela and loses puck.
13:08 of 3rd period - Snap shot by Hayden Hodgson.
13:08 of 3rd period - Shot Misses the Net.
13:44 of 3rd period - Sam Kurker is hit by Jake Evans and loses puck.
14:01 of 3rd period - Snap shot by Samuel Girard.
14:01 of 3rd period - Stopped by Jeremy Swayman without a rebound.
14:02 of 3rd period - Frederick Gaudreau wins face-off versus Evan Rodrigues in Penguins zone.
14:13 of 3rd period - Slapshot by Gavin Bayreuther.
14:13 of 3rd period - Shot Misses the Net.
14:19 of 3rd period - Evan Rodrigues is hit by Thomas Spelling and loses puck.
14:47 of 3rd period - Snap shot by Evan Rodrigues.
14:47 of 3rd period - Stopped by Ebbe Siönäs with a rebound.
14:49 of 3rd period - Snap shot by Evan Rodrigues.
14:49 of 3rd period - Shot Blocked by Maksim Sushko.
14:51 of 3rd period - Slapshot by Danny Biega.
14:51 of 3rd period - Stopped by Ebbe Siönäs with a rebound.
14:53 of 3rd period - Wrist shot by Gavin Bayreuther.
14:53 of 3rd period - Shot Blocked by Maksim Sushko.
15:03 of 3rd period - Wrist shot by Matthew Tkachuk.
15:03 of 3rd period - Goal by Matthew Tkachuk - Penguins : 6 - Wolves : 2.
15:04 of 3rd period - Frederick Gaudreau wins face-off versus Adam Brooks in neutral zone.
15:10 of 3rd period - Thomas Spelling and Iven Barbashev fight to a draw.
15:10 of 3rd period - Penalty to Thomas Spelling for Fighting.
15:10 of 3rd period - Penalty to Iven Barbashev for Fighting.
15:11 of 3rd period - Frederick Gaudreau wins face-off versus Anthony Beauvillier in neutral zone.
15:41 of 3rd period - Wrist shot by Adam Brooks.
15:41 of 3rd period - Stopped by Ebbe Siönäs with a rebound.
16:04 of 3rd period - Snap shot by Sam Kurker.
16:04 of 3rd period - Stopped by Ebbe Siönäs without a rebound.
16:05 of 3rd period - Denis Malgin wins face-off versus Frederick Gaudreau in Wolves zone.
16:44 of 3rd period - Wrist shot by Frederick Gaudreau.
16:44 of 3rd period - Stopped by Jeremy Swayman without a rebound.
16:45 of 3rd period - Cedric Paquette wins face-off versus Eetu Luostarinen in Penguins zone.
17:10 of 3rd period - Antti Suomela is hit by Matthew Tkachuk and loses puck.
17:31 of 3rd period - Slapshot by Dakota Mermis.
17:31 of 3rd period - Deflect By Dylan Coghlan.
17:31 of 3rd period - Stopped by Ebbe Siönäs with a rebound.
17:33 of 3rd period - Snap shot by Adam Brooks.
17:33 of 3rd period - Stopped by Ebbe Siönäs with a rebound.
17:35 of 3rd period - Slapshot by Max Gortz.
17:35 of 3rd period - Stopped by Ebbe Siönäs without a rebound.
17:36 of 3rd period - Adam Brooks wins face-off versus Frederick Gaudreau in Wolves zone.
17:36 of 3rd period - Gavin Bayreuther is hit by Eric Robinson and loses puck.
18:00 of 3rd period - Anthony Beauvillier is hit by Wade Allison and loses puck.
18:17 of 3rd period - Wrist shot by Jeff Malott.
18:17 of 3rd period - Shot Misses the Net.
18:25 of 3rd period - Matthew Finn is hit by Maksim Sushko.
19:18 of 3rd period - Slapshot by Evan Rodrigues.
19:18 of 3rd period - Stopped by Ebbe Siönäs with a rebound.
19:20 of 3rd period - Wrist shot by Adam Brooks.
19:20 of 3rd period - Stopped by Ebbe Siönäs without a rebound.
19:21 of 3rd period - Frederick Gaudreau wins face-off versus Adam Brooks in Wolves zone.
Goals for this period are 1 for Penguins vs 0 for Wolves.
Shots for this period are 12 for Penguins vs 8 for Wolves.